 Dungeon Crawl Stone Soup version 0.29.1-13-g9f3cf754e1 (webtiles) character file.

Game seed: 14266666059739096166

5694 hawla the Thaumaturge (level 11, -3/80 HPs)
             Began as a Meteoran Ice Elementalist on Feb 7, 2023.
             Was a Follower of Vehumet.
             Slain by an orc knight
             ... wielding a +1 great sword
              (4 damage)
             ... on level 1 of the Orcish Mines.
             The game lasted 00:30:21 (5824 turns).

hawla the Thaumaturge (Meteoran Ice Elementalist)   Turns: 5824, Time: 00:30:22

Health: -3/80      AC:  5    Str: 12    XL:     11   Next: 24%
Magic:  21/26      EV: 14    Int: 20    God:    Vehumet [*.....]
Gold:   503        SH:  0    Dex: 14    Spells: 18/31 levels left

rFire   . . .      SeeInvis .   (no weapon)
rCold   . . .      Faith    .   (no shield)
rNeg    . . .      Spirit   .   a - +2 robe
rPois   .          Reflect  .   (no helmet)
rElec   .          Harm     .   (no cloak)
rCorr   .          Rampage  .   (no gloves)
Will    +....                   p - +0 pair of boots
Stlth   +.........              (no amulet)
HPRegen 0.23/turn               (no ring)
MPRegen 0.20/turn               (no ring)

@: confused, about to teleport, ambrosia-drunk, freezing walls, glowing
A: sense surroundings 2, otherworldly, glowing, explore regen
a: Renounce Religion


You were on level 1 of the Orcish Mines.
You worshipped Vehumet.
Vehumet was aware of your devotion.
You visited 3 branches of the dungeon, and saw 13 of its levels.

You collected 539 gold pieces.
You spent 36 gold pieces at shops.

Inventory:

Hand Weapons
 s - a +2 flail of holy wrath
Armour
 a - a +2 robe (worn)
 p - a +0 pair of boots (worn)
Magical Staves
 d - a staff of death
 y - a staff of fire
Wands
 f - a wand of paralysis (6) (quivered)
 l - a wand of mindburst (11)
 t - a wand of roots (8)
Scrolls
 c - a scroll of silence
 e - a scroll of identify
 g - 2 scrolls of enchant armour
 k - a scroll of magic mapping
 n - 2 scrolls of amnesia
 q - 2 scrolls of poison {unknown}
 w - a scroll of teleportation
 z - a scroll of fog
Potions
 h - 3 potions of degeneration
 i - a potion of attraction
 o - 2 potions of flight
 u - 2 potions of mutation
 x - a potion of haste


   Skills:
 - Level 2.5 Fighting
 - Level 4.3 Staves
 - Level 5.3 Dodging
 - Level 1.4 Stealth
 - Level 10.7 Spellcasting
 - Level 5.9 Conjurations
 + Level 4.0 Necromancy
 - Level 3.0 Fire Magic
 - Level 10.4 Ice Magic
 + Level 2.6 Earth Magic
 - Level 3.2 Evocations


You had 18 spell levels left.
You knew the following spells:

 Your Spells              Type           Power      Damage    Failure   Level
a - Freeze                Ice            100%       1d11      1%          1
b - Frozen Ramparts       Ice            100%       1d16      1%          3
c - Hailstorm             Conj/Ice       43%        3d10      2%          4
d - Borgnjor's Vile Clut  Necr/Erth      12%        N/A       41%         5

Your spell library contained the following spells:

 Spells                   Type           Power      Damage    Failure   Level
 Shock                    Conj/Air       88%        1d8       1%          1
 Ozocubu's Armour         Ice            51%        N/A       1%          3
 Beastly Appendage        Tmut           20%        N/A       6%          1
 Wereblood                Tmut           10%        N/A       10%         2
 Gell's Gravitas          Tloc           10%        N/A       19%         3
 Lesser Beckoning         Tloc           10%        N/A       19%         3
 Spider Form              Tmut/Pois      10%        N/A       19%         3
 Teleport Other           Tloc           10%        N/A       19%         3
 Alistair's Intoxication  Tmut/Pois      6%         N/A       87%         5
 Eringya's Noxious Bog    Tmut/Pois      5%         N/A       100%        6


Dungeon Overview and Level Annotations

Branches:
Dungeon (11/15) Zot: 1205  Temple (1/1) D:5 Zot: 194     Orc (1/2) D:9 Zot: 529
   Lair: D:8-11

Altars:
Ashenzari
Cheibriados
Elyvilon
Fedhas
Gozag
Makhleb
Nemelex Xobeh
Okawaru
Qazlal
Ru
Sif Muna
Trog
Uskayaw
Vehumet
Xom
Yredelemnul
Zin
The Shining One

Shops:
D:2 ?   D:7 (   D:9 (


Innate Abilities, Weirdness & Mutations

You passively map the area around you.
You are easily found by Zot.
You glow in the dark.
You regain HP and MP as you explore.


Message History

Aiming: Freeze (safe; 1% risk of failure)
Press: ? - help, Shift-Dir - straight line, f/p - orc knight
Aim: an orc knight, wielding a +1 great sword and wearing a +4 plate armour of cold resistance (lightly wounded)
You freeze the orc knight.
The orc knight resists.
The orc knight is lightly wounded.
The wall freezes the warg.
The warg closely misses you.
The wall freezes the orc warrior but does no damage. x2
The wall freezes the orc knight but does no damage.
The orc knight closely misses you.
Aiming: Mindburst
Press: ? - help, Shift-Dir - straight line, f/p - orc knight
Aim: an orc knight, wielding a +1 great sword and wearing a +4 plate armour of cold resistance (lightly wounded, chance to affect: 62%)
The orc knight resists with significant effort.
The wall freezes the warg but does no damage.
The warg bites you but does no damage.
The wall freezes the orc warrior.
The wall freezes the orc.
The orc warrior closely misses you.
The orc knight resists.
The wall freezes the orc knight!
The orc knight hits you with a +1 great sword!
You are now empty-handed.
The wall freezes the warg.
The warg bites you.
Unknown command.
As you read the scroll of teleportation, it crumbles to dust.
You feel strangely unstable.
The wall freezes the orc warrior.
The wall freezes the orc!
You kill the orc!
Vehumet accepts your kill.
You feel your power returning.
The orc warrior hits you with a +0 hand axe!!
The orc knight resists.
The wall freezes the orc knight.
The orc knight hits you with a +1 great sword!
* * * LOW HITPOINT WARNING * * *
The wall freezes the warg but does no damage.
The warg bites you.
* * * LOW HITPOINT WARNING * * *
You are confused.
You feel invigorated.
The wall freezes the warg.
The warg closely misses you.
The orc warrior hits you with a +0 hand axe!!
* * * LOW HITPOINT WARNING * * *
The orc knight resists.
The wall freezes the orc knight!
The orc knight hits you with a +1 great sword.
You die...

, * * ** .. , , , #. #* * *
, ## ...#* *...# , #..,.#. *
#...* ....*.. *...##
,.....#)## ... , ......ho#
#.### ......o@#####.#.### ,
,......o...##......##
....$..............## *
,,,.#........#.....#.#.### ,
,,,,................##....##
, , ........#.......#.#....#
,** ,
.........).............. *
.........)<>.........#.# *
,....................###


You could see an orc knight, a warg and 2 orc warriors.

Vanquished Creatures
  An oklob plant (D:3)
  Grinder (D:3)
  A hornet (D:9)
  6 yaks (D:9)
  Eustachio (D:5)
  A steam dragon (D:8)
  2 wargs (D:9)
  An acid dragon (D:9)
  A water moccasin (D:8)
  2 orc warriors
  2 sky beasts (D:6)
  3 ogres
  6 centaurs
  A phantom (D:7)
  A kobold brigand (D:9)
  3 bullfrogs
  A scorpion (D:6)
  3 wights (D:8)
  12 killer bees
  4 hounds
  5 jellies
  8 orc priests
  4 iguanas
  Jessica (D:2)
  2 gnoll boudas
  4 orc wizards (D:9)
  13 gnolls
  10 adders
  A white imp (D:6)
  A worm (D:2)
  24 orcs
  2 endoplasms
  6 hobgoblins
  8 jackals
  5 kobolds
  5 quokkas
  A ball python (D:3)
  4 bats
  3 frilled lizards
  2 goblins
  A rat (D:3)
163 creatures vanquished.

Vanquished Creatures (others)
  5 fungi (D:3)
  6 plants
11 creatures vanquished.

Grand Total: 174 creatures vanquished

Notes
Turn   | Place    | Note
-------+----------+-------------------------------------------
     0 | D:1      | hawla the Meteoran Ice Elementalist began the quest for the
                  | Orb.
     0 | D:1      | Reached XP level 1. HP: 14/14 MP: 5/5
    99 | D:2      | Noticed Jessica
   104 | D:2      | Killed Jessica
   105 | D:2      | Reached skill level 5 in Ice Magic
   105 | D:2      | Reached XP level 2. HP: 13/20 MP: 4/7
   105 | D:2      | Reached XP level 3. HP: 17/26 MP: 4/8
   109 | D:2      | Learned a level 3 spell: Frozen Ramparts
   223 | D:4      | Reached XP level 4. HP: 26/33 MP: 6/9
   231 | D:4      | Learned a level 4 spell: Hailstorm
   269 | D:4      | You fall into a shaft and drop 1 floor!
   269 | D:5      | Entered Level 5 of the Dungeon
   321 | D:5      | Found a staircase to the Ecumenical Temple.
   346 | D:5      | Reached XP level 5. HP: 14/38 MP: 6/10
   359 | Temple   | Entered the Ecumenical Temple
   832 | D:5      | Noticed Eustachio
   873 | D:5      | Killed Eustachio
   874 | D:5      | Reached skill level 5 in Conjurations
   874 | D:5      | Reached XP level 6. HP: 4/45 MP: 0/12
   919 | D:5      | Noticed a centaur
   925 | D:5      | Killed a centaur
   926 | D:5      | Reached XP level 7. HP: 18/51 MP: 6/13
  1328 | D:5      | Found a snail-covered altar of Cheibriados.
  1515 | D:6      | Reached XP level 8. HP: 57/58 MP: 4/15
  1546 | D:6      | Reached skill level 5 in Spellcasting
  1593 | D:6      | Reached skill level 1 in Fighting
  2221 | D:7      | Found a hide-covered altar of Uskayaw.
  2242 | D:7      | Reached skill level 1 in Necromancy
  2242 | D:7      | Gained mutation: You passively map the area around you.
                  | [Meteoran growth]
  2242 | D:7      | Reached XP level 9. HP: 38/64 MP: 15/19
  2468 | D:7      | Found Ebloussucky's Hydra Hut.
  2472 | D:7      | Noticed a four-headed hydra
  3008 | D:4      | Found a white marble altar of Elyvilon.
  3277 | D:4      | Found a sacrificial altar of Ru.
  3342 | D:4      | Reached skill level 1 in Staves
  3568 | D:3      | Found a blossoming altar of Fedhas.
  3568 | D:3      | Noticed Grinder
  3589 | D:3      | Killed Grinder
  3594 | D:3      | Noticed an oklob plant
  3630 | D:3      | Killed an oklob plant
  3631 | D:3      | Reached XP level 10. HP: 23/73 MP: 10/23
  3699 | D:3      | Found a stormy altar of Qazlal.
  3948 | D:3      | Found a shimmering blue altar of Sif Muna.
  4090 | D:2      | Found Ruihick's Magic Scroll Emporium.
  4097 | D:2      | Bought a scroll of teleportation for 36 gold pieces
  4678 | D:8      | Found a radiant altar of Vehumet.
  4723 | D:8      | Became a worshipper of Vehumet
  4945 | D:8      | Found a white marble altar of Elyvilon.
  4947 | D:8      | Found a shimmering altar of Xom.
  4947 | D:8      | Found a shimmering blue altar of Sif Muna.
  4949 | D:8      | Found a snail-covered altar of Cheibriados.
  4949 | D:8      | Found a stormy altar of Qazlal.
  4949 | D:8      | Found a sparkling altar of Nemelex Xobeh.
  5059 | D:8      | Glimpsed the power of Zot.
  5109 | D:8      | Glimpsed the power of Zot.
  5202 | D:9      | Reached skill level 10 in Ice Magic
  5211 | D:9      | HP: 1/74 [yak (11)]
  5214 | D:9      | Reached skill level 10 in Spellcasting
  5220 | D:9      | Reached skill level 5 in Dodging
  5262 | D:9      | Found a bloodstained altar of Trog.
  5303 | D:9      | Reached XP level 11. HP: 74/80 MP: 18/26
  5334 | D:9      | Found a glowing silver altar of Zin.
  5360 | D:9      | Found Wepar's Weapon Boutique.
  5383 | D:9      | Reached * piety under Vehumet
  5383 | D:9      | Offered knowledge of Shock by Vehumet.
  5521 | D:9      | Found a staircase to the Orcish Mines.
  5589 | D:9      | Learned a level 5 spell: Borgnjor's Vile Clutch
  5590 | Orc:1    | Entered Level 1 of the Orcish Mines
  5608 | D:9      | Reached skill level 1 in Earth Magic
  5665 | D:9      | Glimpsed the power of Zot.
  5673 | D:10     | Entered Level 10 of the Dungeon
  5812 | Orc:1    | Noticed an orc knight
  5824 | Orc:1    | HP: 1/80 [orc warrior/+0 hand axe[an orc knight] (19)]
  5824 | Orc:1    | Slain by an orc knight

Illustrated notes

Levels and vault maps discovered:
D:1:      dpeg_arrival_pond, layout_basic, nicolae_ecumenical_snake_handling
D:2:      layout_loops_ring, serial_shops, shop_scrolls, uniq_jessica
D:3:      layout_loops_cross, mainiacjoe_overflow_boulevard,
          lemuel_blue_sif_altar, tgw_fedhas, uniq_grinder
D:4:      layout_gridville, kennysheep_little_box,
          nicolae_ru_the_path_less_chosen, serial_bayou_crossing
D:5:      layout_basic, marbit_many_paths, minmay_temple_entry_mini_moons,
          serial_bayou, serial_bayou_pond_d, serial_bayou_pond_a,
          serial_bayou_pond_e, serial_bayou_lagoon_a, uniq_eustachio
D:6:      layout_loops_ring, minivault_11, grunt_ministairs_15, st_stairs_1
D:7:      layout_basic, amcnicky_altar_gilded, minmay_misc_feat_rugged,
          doesnt_shop_hydraphobe
D:8:      layout_loops_cross, lemuel_round_altar, doesnt_xom_only_xom
D:9:      layout_roguey, nzn_hepliaklqana_mist_gate, trog_book, zin_treasury,
          erik_orc_4, serial_shops, nicolae_stop_n_shop_2, st_stairs_2
D:10:     layout_stronghold, pdpol_wu_jian_five_deadly_venoms,
          nemelex_xobeh_ov_fountains_minmay,
          mainiacjoe_overflow_surrounded_room, mainiacjoe_overflow_24_doors,
          lair_entry_dummy, serial_park_tiny_1, minivault_22
D:11:     nicolae_BIG_FREAKIN_CUBE, layout_cave_pools, uniq_josephine
Temple:   hellmonk_temple_micro_hex
Orc:1:    layout_caves

Skill      XL: |  1  2  3  4  5  6  7  8  9 10 11 |
---------------+----------------------------------+-----
Spellcasting   | 3 4 6 8 10 | 10.7
Ice Magic      | 5 6 7 9 10 | 10.4
Conjurations   | 2 5 |  5.9
Evocations     | 3 |  3.2
Dodging        | 3 4 5 |  5.3
Fighting       | 1 2 |  2.5
Necromancy     | 1 3 4 |  4.0
Staves         | 2 4 |  4.3
Fire Magic     | 3 |  3.0
Earth Magic    | 2 |  2.6
Stealth        | |  1.4

Action                   |  1- 3 |  4- 6 |  7- 9 | 10-12 || total
-------------------------+-------+-------+-------+-------++-------
Melee: Unarmed           |     2 |     5 |    18 |       ||    25
       Staff             |       |       |    72 |    37 ||   109
       Flail             |       |       |     8 |    10 ||    18
       Punch             |       |       |     2 |       ||     2
 Cast: Freeze            |    10 |    17 |    44 |    45 ||   116
       Frozen Ramparts   |       |     8 |    21 |    32 ||    61
       Hailstorm         |       |     2 |    18 |    19 ||    39
Evoke: Wand              |       |       |     2 |     5 ||     7
  Use: Scroll            |       |     5 |    10 |     8 ||    23
       Potion            |       |     5 |     2 |     6 ||    13
 Stab: Paralysed         |       |       |       |     5 ||     5
Armor: Robe              |     1 |    11 |    26 |    43 ||    81
       Skin              |       |    21 |    18 |       ||    39
Dodge: Dodged            |     4 |    27 |    72 |    90 ||   193
